 Dungeon Crawl Stone Soup version 0.31-a0-1616-gbeaec30b81 (webtiles) character file.

Game seed: 17367373528609685681

117 shadizar the Trooper (level 5, -4/34 HPs)
             Began as a Gargoyle Fighter on Jan 10, 2024.
             Slain by a gnoll
             ... wielding a +0 halberd
              (6 damage)
             ... on level 2 of the Dungeon.
             The game lasted 00:02:54 (1624 turns).

shadizar the Trooper (Gargoyle Fighter)             Turns: 1624, Time: 00:02:54

Health: -4/34      AC: 15    Str: 21    XL:     5   Next: 1%
Magic:  5/5        EV:  9    Int:  9    God:
Gold:   60         SH:  4    Dex:  9    Spells: 4/4 levels left

rFire   . . .        a - +0 flail
rCold   . . .        c - +0 buckler
rNeg    + . .        b - +0 scale mail
rPois   ∞            n - +2 helmet
rElec   +            j - +0 cloak
rCorr   .            (no gloves)
SInv    .            (no boots)
Will    .....        (no amulet) Stlth
                     (no ring)
HPRegen 0.25/turn    (no ring)
MPRegen 0.09/turn

%: no passive effects
@: no status effects
A: sickness immunity, AC +4, negative energy resistance 1, electricity
resistance, torment resistance 1, petrification resistance
a: no special abilities


You were on level 2 of the Dungeon.
You visited 1 branch of the dungeon, and saw 2 of its levels.

You collected 60 gold pieces.

Inventory:

Hand Weapons
 a - a +0 flail (weapon)
Armour
 b - a +0 scale mail (worn)
 c - a +0 buckler (worn)
 j - a +0 cloak (worn)
 n - a +2 helmet (worn)
Jewellery
 i - a ring of fire
Scrolls
 f - a scroll of blinking {unknown}
 g - a scroll of torment {unknown}
 k - a scroll of vulnerability {unknown}
Potions
 d - a potion of might
 e - a potion of brilliance {unknown}
 l - a potion of degeneration {unknown}
 m - a potion of magic {unknown}


   Skills:
 * Level 4.4 Fighting
 + Level 2.6 Maces & Flails
 + Level 3.9 Armour
 + Level 1.1 Dodging
 + Level 3.8 Shields


You had 4 spell levels left.
You didn't know any spells.
Your spell library contained the following spells:

 Spells                   Type           Power      Damage    Failure   Level
 Static Discharge         Conj/Air       0%         3-3/arc   90%         2
 Airstrike                Air            0%         2d(0-16)  100%        4
 Summon Lightning Spire   Summ/Air       0%         N/A       100%        4


Dungeon Overview and Level Annotations

Branches:
Dungeon (2/15)

Altars:


Innate Abilities, Weirdness & Mutations

You are immune to sickness and miasma.
Your stone body is resilient. (AC +4)
You are immune to poison.
You resist negative energy. (rN+)
You are resistant to electric shocks. (rElec)
You are resistant to unholy torment.
You are immune to petrification.


Message History

You block the gnoll's attack.
You closely miss the gnoll.
The gnoll is severely wounded.
The gnoll hits you with a +0 spear. The gnoll hits you but does no damage.
You barely miss the gnoll.
The gnoll is severely wounded.
You block the gnoll's attack. The gnoll closely misses you.
You block the gnoll's attack.
You hit the gnoll.
You kill the gnoll!
The gnoll closely misses you.
You have reached level 5!
Unknown command.
The gnoll hits you with a +0 halberd!
* * * LOW HITPOINT WARNING * * *
You see here a +0 spear.
You closely miss the gnoll.
The gnoll is moderately wounded.
You block the gnoll's attack. x2
You closely miss the gnoll.
The gnoll is moderately wounded.
The gnoll hits you but does no damage.
You hit the gnoll.
The gnoll is severely wounded.
The gnoll hits you but does no damage.
You barely miss the gnoll.
The gnoll is severely wounded.
The gnoll closely misses you. The gnoll hits you with a +0 halberd.
* * * LOW HITPOINT WARNING * * *
You hit the gnoll but do no damage.
The gnoll is severely wounded.
You block the gnoll's attack.
You hit the gnoll.
The gnoll is almost dead.
The gnoll hits you with a +0 halberd!
* * * LOW HITPOINT WARNING * * *
You closely miss the gnoll.
The gnoll is almost dead.
The gnoll hits you with a +0 halberd.
You die...

#.............######.
#.............# #.
#.............# #.
#.............# #.
#.............# ##
#....)........#
#.............#
#.............#
####..@##'#.....#######
.......g'............(.#
#####...#..............#
#...#..............#
#...#..............#
#...#..............#
#...#..............#
#...#..............#
#...#..............#


You could see a gnoll.

Vanquished Creatures
  Robin (D:2)
  An adder (D:2)
  3 gnolls
  A ribbon worm (D:2)
  7 ball pythons
  4 endoplasms
  3 giant cockroaches
  13 goblins
  5 hobgoblins
  2 jackals (D:1)
  3 quokkas
  8 bats
  2 frilled lizards
  3 kobolds
  5 rats
61 creatures vanquished.

Notes
Turn   | Place    | Note
-------+----------+-------------------------------------------
     0 | D:1      | shadizar the Gargoyle Fighter began the quest for the Orb.
     0 | D:1      | Reached XP level 1. HP: 14/14 MP: 1/1
   106 | D:1      | Reached XP level 2. HP: 19/19 MP: 2/2
   265 | D:1      | Reached XP level 3. HP: 24/24 MP: 3/3
   668 | D:2      | Reached skill level 4 in Fighting
  1066 | D:2      | Reached XP level 4. HP: 29/29 MP: 4/4
  1079 | D:2      | Noticed Robin
  1316 | D:2      | Killed Robin
  1479 | D:1      | Reached skill level 1 in Dodging
  1617 | D:2      | Reached XP level 5. HP: 16/34 MP: 5/5
  1624 | D:2      | Slain by a gnoll

Illustrated notes

Levels and vault maps discovered:
D:1:      ncdulo_smallfort, layout_loops_ring, hangedman_decor_slide_cut
D:2:      layout_basic, uniq_robin

Skill      XL: |  1  2  3  4 |
---------------+-------------+-----
Fighting       | 4 |  4.4
Dodging        | 1 |  1.1
Maces & Flails | |  2.6
Armour         | |  3.9
Shields        | |  3.8

Action                     |  1- 3 |  4- 6 || total
---------------------------+-------+-------++-------
  Melee: Flail             |   151 |    72 ||   223
 Armour: Scale mail        |   143 |   118 ||   261
  Dodge: Dodged            |   106 |    56 ||   162
  Block: Buckler           |    43 |    37 ||    80

Table legend: (Time is in decaauts)
 A = Elapsed time spent in this place.
 B = Non-inter-level travel time spent in this place.
 C = Inter-level travel time spent in this place.
 D = Time resting spent in this place.
 E = Time spent auto-exploring this place.
 F = Levels seen in this place.
 G = Mean time per level.
                   A        B        C        D        E       F      G
               +--------+--------+--------+--------+--------+-----+--------+
         Total |   1697 |   1651 |     46 |      0 |   1024 |   2 |  848.5 |
       Dungeon |   1697 |   1651 |     46 |      0 |   1024 |   2 |  848.5 |
               +--------+--------+--------+--------+--------+-----+--------+

Top non-repeatable levels by time:
     D:1: 906 daAuts
     D:2: 790 daAuts
